 Dungeon Crawl Stone Soup version 0.31.0-32-g396128a36d (webtiles) character file.

Game seed: 3611660285182415007

58 DildoBatman the Conjurer (level 4, 0/32 HPs)
             Began as a Formicid Conjurer on Mar 14, 2024.
             Succumbed to an adder's poison
             ... on level 2 of the Dungeon.
             The game lasted 00:02:15 (950 turns).

DildoBatman the Conjurer (Formicid Conjurer)         Turns: 950, Time: 00:02:16

Health: 0/32       AC:  2    Str: 12    XL:     4   Next: 20%
Magic:  0/7        EV: 12    Int: 19    God:
Gold:   19         SH:  0    Dex: 12    Spells: 5/8 levels left

rFire   . . .        a - +0 dagger (speed)
rCold   . . .        (no shield)
rNeg    . . .        i - +0 robe
rPois   .            (helmet unavailable)
rElec   .            (no cloak)
rCorr   .            (no gloves)
SInv    +            (no boots)
Will    .....        (no amulet)
Stlth   ++           (no ring)
HPRegen 0.25/turn    (no ring)
MPRegen 0.10/turn

%: no passive effects
@: lethally poisoned (0 -> -6)
A: permanent stasis, dig shafts and tunnels, antennae 3, four strong arms
a: Dig, Shaft Self


You were on level 2 of the Dungeon.
You visited 1 branch of the dungeon, and saw 2 of its levels.

You collected 19 gold pieces.

Inventory:

Hand Weapons
 a - a +0 dagger of speed (weapon)
 e - a +0 club
 g - a +0 sling
Missiles
 h - 10 stones
Armour
 i - a +0 robe (worn)
Scrolls
 d - 2 scrolls of identify {unknown}
Potions
 b - a potion of magic
 c - 2 potions of curing {unknown}
 f - a potion of haste {unknown}


   Skills:
 + Level 1.2 Fighting
 + Level 1.4 Armour
 + Level 2.2 Dodging
 + Level 3.1 Stealth
 + Level 2.6 Spellcasting
 + Level 3.8 Conjurations


You had 5 spell levels left.
You knew the following spells:

 Your Spells              Type           Power      Damage    Failure   Level
a - Searing Ray           Conj           34%        2d5       4%          2
c - Magic Dart            Conj           68%        1d6       3%          1

Your spell library contained the following spells:

 Spells                   Type           Power      Damage    Failure   Level
 Fulminant Prism          Conj/Alch      4%         3d5       58%         4
 Iskenderun's Mystic Bla  Conj/Tloc      9%         2d4       58%         4


Dungeon Overview and Level Annotations

Branches:
Dungeon (2/15)

Altars:


Innate Abilities, Weirdness & Mutations

You cannot be hasted, slowed, berserked, paralysed or teleported.
You can dig through walls and to a lower floor.
You have a pair of large antennae on your head. (SInv)
Your four strong arms can wield two-handed weapons with a shield.


Message History

Aim: an adder (moderately wounded, 100% to hit)
The magic dart hits the adder.
The adder is heavily wounded.
You feel very sick. The adder misses you.
The adder bites you but does no damage.
You miss the adder.
The adder is heavily wounded.
You feel sick.
You hit the adder.
The adder is severely wounded.
You feel sick. The adder bites you.
You are lethally poisoned!
The adder poisons you!
You barely miss the adder.
The adder is severely wounded.
You feel sick. The adder bites you.
You closely miss the adder.
The adder is severely wounded.
You feel sick. The adder barely misses you.
Casting: Magic Dart (safe; 3% risk of failure)
Confirm with . or Enter, or press ? or * to list all spells.
You don't have enough magic to cast this spell.
You hit the adder.
The adder is almost dead.
You feel sick. The adder barely misses you.
Casting: Magic Dart (safe; 3% risk of failure)
Confirm with . or Enter, or press ? or * to list all spells.
You don't have enough magic to cast this spell.
You hit the adder but do no damage.
The adder is almost dead.
You feel sick. The adder barely misses you.
You barely miss the adder.
The adder is almost dead.
You die...

#. #.#######
#.....<.######
#.............
#.......######
#.##......# #
##.####.# #..#
... #@## #..
#S# ##.
...S...l#
#.#.##...
##.## #)., ...
?.. { ....


You could see an adder and a frilled lizard.

Vanquished Creatures
  2 adders (D:2)
  A dart slug (D:1)
  3 ball pythons
  A bat (D:1)
  5 endoplasms
  3 giant cockroaches (D:1)
  A goblin (D:1)
  5 hobgoblins
  4 kobolds (D:1)
  2 quokkas (D:1)
  3 frilled lizards (D:1)
  3 rats (D:1)
33 creatures vanquished.

Notes
Turn   | Place    | Note
-------+----------+-------------------------------------------
     0 | D:1      | DildoBatman the Formicid Conjurer began the quest for the
                  | Orb.
     0 | D:1      | Reached XP level 1. HP: 13/13 MP: 3/3
   240 | D:1      | Reached XP level 2. HP: 13/20 MP: 0/5
   243 | D:1      | Learned a level 2 spell: Searing Ray
   449 | D:1      | Reached skill level 1 in Armour
   516 | D:1      | Reached XP level 3. HP: 25/25 MP: 3/6
   919 | D:2      | Reached skill level 1 in Fighting
   934 | D:2      | Reached XP level 4. HP: 32/32 MP: 3/7
   949 | D:2      | HP: 1/32 [poisoned by an adder]
   950 | D:2      | Succumbed to an adder's poison

Illustrated notes

Levels and vault maps discovered:
D:1:      amcnicky_arrival_flooded_fountain, layout_loops_ring
D:2:      cheibrodos_old_hovel, layout_rooms

Skill      XL: |  1  2  3 |
---------------+----------+-----
Dodging        | 2 |  2.2
Armour         | 1 |  1.4
Fighting       | 1 |  1.2
Stealth        | 3 |  3.1
Spellcasting   | |  2.6
Conjurations   | |  3.8

Action                     |  1- 3 |  4- 6 || total
---------------------------+-------+-------++-------
  Melee: Unarmed           |     6 |       ||     6
         Club              |    10 |       ||    10
         Punch             |     1 |       ||     1
         Dagger            |       |     8 ||     8
   Fire: Sling             |    30 |     5 ||    35
   Cast: Magic Dart        |    25 |     1 ||    26
         Searing Ray       |     4 |     1 ||     5
   Stab: Sleeping          |     2 |       ||     2
 Armour: Robe              |    16 |    10 ||    26
  Dodge: Dodged            |    18 |     7 ||    25
